 Dungeon Crawl Stone Soup version 0.30.1 (webtiles) character file.

Game seed: 16818394809978449733

585 Sanktem7 the Chopper (level 7, -5/61 HPs)
             Began as a Minotaur Fighter on July 7, 2023.
             Slain by monsoonserge's ghost (12 damage)
             ... on level 5 of the Dungeon.
             The game lasted 00:05:22 (3876 turns).

Sanktem7 the Chopper (Minotaur Fighter)             Turns: 3876, Time: 00:05:23

Health: -5/61      AC:  8    Str: 22    XL:     7   Next: 15%
Magic:  6/6        EV:  9    Int:  5    God:
Gold:   159        SH:  5    Dex: 10    Spells: 6/6 levels left

rFire   . . .        a - +0 war axe {axe}
rCold   . . .        c - +0 buckler
rNeg    + . .        b - +0 scale mail
rPois   +            (helmet restricted)
rElec   .            (no cloak)
rCorr   .            (no gloves)
SInv    .            o - +0 pair of boots
Will    .....        C - amulet of regeneration {@e2} Stlth
                     j - ring of poison resistance
HPRegen 1.10/turn    k - ring of positive energy
MPRegen 0.10/turn

%: no passive effects
@: no status effects
A: horns 2, retaliatory headbutt
a: no special abilities


You were on level 5 of the Dungeon.
You visited 1 branch of the dungeon, and saw 5 of its levels.

You collected 159 gold pieces.


Innate Abilities, Weirdness & Mutations

You have a pair of horns on your head.
You reflexively headbutt those who attack you in melee.


   Skills:
 + Level 5.4 Fighting
 * Level 6.2 Axes
 + Level 5.5 Armour
 + Level 5.5 Shields


You had 6 spell levels left.
You didn't know any spells.
Your spell library contained the following spells:

 Spells                   Type           Power      Damage    Failure   Level
 Frozen Ramparts          Ice            0%         1d1       99%         3
 Ice Form                 Ice/Tmut       0%         N/A       100%        4
 Summon Ice Beast         Ice/Summ       0%         N/A       100%        4

Inventory:

Hand Weapons
 a - a +0 war axe (weapon) {axe}
 B - the +9 rapier of Infinite Pain {drain, Dex+4, short}
   (You found it on level 5 of the Dungeon)

   Dex:       It affects your dexterity (+4).
Missiles
 g - 52 stones (quivered) {throwing}
 r - 9 poisoned darts {throwing}
Armour
 b - a +0 scale mail (worn)
 c - a +0 buckler (worn)
 o - a +0 pair of boots (worn)
   (You found it on level 2 of the Dungeon)
Jewellery
 j - a ring of poison resistance (left hand)
   (You found it on level 1 of the Dungeon)
 k - a ring of positive energy (right hand)
   (You found it on level 1 of the Dungeon)
 C - an amulet of regeneration (around neck) {@e2}
   (You found it on level 5 of the Dungeon)
 H - a ring of flight
   (You found it on level 5 of the Dungeon)
Wands
 x - a wand of flame (22)
   (You found it on level 3 of the Dungeon)
 y - a wand of iceblast (3)
   (You found it on level 4 of the Dungeon)
Scrolls
 e - a scroll of amnesia {unknown}
 h - 4 scrolls of teleportation {unknown}
 l - 3 scrolls of fog {unknown}
 v - a scroll of enchant weapon {unknown}
 D - a scroll of fear
 E - 2 scrolls of blinking {!r}
 F - a scroll of poison {unknown}
Potions
 d - 2 potions of might
 f - 2 potions of degeneration {!q@e2}
 i - 2 potions of haste {unknown}
 n - 2 potions of magic {unknown}
 p - a potion of mutation {unknown}
 s - a potion of resistance {unknown}
 t - a potion of invisibility {unknown}
 z - 2 potions of lignification {!q}
 G - 2 potions of attraction {unknown}

Dungeon Overview and Level Annotations

Branches:
Dungeon (5/15) Zot: 26047
 Temple: D:4-7

Altars:

Annotations:
D:5 monsoonserge's ghost, amateur TrFi

##.#.# #.#.
####..#.#######.#.
#...............#<
#.#.>#####.###..#.
#.#..####..# #....
#.#..##....###....
#.#...#.##.....###
#.#.....####.###
#@#...### #.#
#W#...######.#
#####o#..........#
#.o.o.##..########
#.######..# #.#
#>.# #o# #..#
#.######..#
##o##......#


You could see monsoonserge's ghost and 2 orcs.


Message History

No target in view!
You see here an adder corpse.
There is a stone staircase leading down here.
There is a stone staircase leading up here.
Key pressed, stopping explore.
G - 2 coppery potions
h - 4 scrolls labelled QOEDDA LYTEADEREO (gained 1)
H - a ring of flight The orc shouts! x2; You hear a shout! x4
The orc shouts!
The orc shouts! x2
Monsoonserge's ghost says, "There is no future for me!"
Monsoonserge's ghost whispers, "The ORB doesn't exist."
You start putting on your amulet.
You continue putting on your amulet of regeneration {@e2}. x2
Monsoonserge's ghost sneers, "Only the weak need weapons."
You continue putting on your amulet of regeneration {@e2}.
The orc suddenly grunts.
You continue putting on your amulet of regeneration {@e2}. x2
You finish putting on your amulet of regeneration {@e2}.
The amulet throbs as it attunes itself to your uninjured body.
C - an amulet of regeneration (around neck) {@e2} You drop a ring of protection from fire.
You drop 2 white potions.
You drop an amulet of guardian spirit.
Monsoonserge's ghost lets out a mournful wail.
i - 2 white potions You drop the +0 robe of Twilight {*Slow rPois Will+ Regen+}.
Could not explore, unopened runed door.
You drop a +6 ring of intelligence.
As you read the scroll labelled HASUSUESAAX, it crumbles to dust.
It is a scroll of identify.
E - 2 scrolls of blinking Monsoonserge's ghost keens inconsolably.
As you read the scroll of identify {@r1}, it crumbles to dust.
D - a scroll of fear
As you read the scroll of identify {@r1}, it crumbles to dust.
f - 2 potions of degeneration
As you read the scroll of identify {@r1}, it crumbles to dust.
z - 2 potions of lignification Monsoonserge's ghost whispers, "The ORB doesn't exist."
You open the gate.
The orc priest begins to cast a cantrip, but forgets the words!
The orc attacks as you move away! You block the orc's attack.
The orc priest invokes the aid of Beogh against you.
Beogh smites you! 😕 HP[-11]
You take 11 damage, and now have 50/61 hp.
The orc attacks as you move away! The orc barely misses you. 😕 HP[+1]
The orc attacks as you move away!
The orc hits you but does no damage. 😕 HP[+1] 😕 HP[+1]
You barely miss the orc.
The orc priest mumbles some strange prayers to Beogh against you.
Beogh smites you!
The orc hits you with a +0 dagger. 😮 HP[-13]
You take 13 damage, and now have 40/61 hp.
MASSIVE DAMAGE!! (PAUSE)
You hit the orc but do no damage. Your headbutt misses the orc.
The orc priest mumbles some strange prayers to Beogh against you.
Beogh smites you!
The orc hits you but does no damage. 😮 HP[-8]
You take 8 damage, and now have 32/61 hp.
You hit the orc. Your headbutt misses the orc.
The orc hits you with a +0 dagger.
You hit the orc. You headbutt the orc.
You kill the orc!
The orc priest invokes the aid of Beogh against you.
Beogh smites you!
* * * LOW HITPOINT WARNING * * *
The orc priest invokes the aid of Beogh against you.
Beogh smites you!
* * * LOW HITPOINT WARNING * * *
Monsoonserge's ghost hits you but does no damage. 😱 HP[-28]
You take 28 damage, and now have 4/61 hp.
MASSIVE DAMAGE!! (PAUSE)
There are monsters nearby! 😱 HP[+1]
The orc priest miscasts a cantrip. 😱 HP[+1] 😱 HP[+1] Monsoonserge's ghost attacks as you move away!
Monsoonserge's ghost hits you.
* * * LOW HITPOINT WARNING * * *
😱 HP[-3]
You take 3 damage, and now have 4/61 hp.
Monsoonserge's ghost attacks as you move away!
Monsoonserge's ghost barely misses you. You furiously retaliate!
You headbutt monsoonserge's ghost. 😱 HP[+1] Monsoonserge's ghost attacks as you move away!
Monsoonserge's ghost closely misses you.
You furiously retaliate!
You headbutt monsoonserge's ghost! 😱 HP[+1] 😱 HP[+1] Monsoonserge's ghost attacks as you move away!
Monsoonserge's ghost hits you!
You die...

Skill      XL: |  1  2  3  4  5  6 |
---------------+-------------------+-----
Axes           | 3 4 5 6 |  6.2
Armour         | 4 5 |  5.5
Fighting       | 4 5 |  5.4
Shields        | 4 5 |  5.5

Action                     |  1- 3 |  4- 6 |  7- 9 || total
---------------------------+-------+-------+-------++-------
  Melee: War axe           |   107 |   110 |    15 ||   232
         Headbutt          |    10 |    24 |     2 ||    36
    Use: Scroll            |       |       |     4 ||     4
 Armour: Scale mail        |    52 |    43 |     8 ||   103
  Dodge: Dodged            |    52 |    35 |    10 ||    97
  Block: Buckler           |    22 |    21 |     3 ||    46

Levels and vault maps discovered:
D:1:      scummos_arrival_checkerplants, layout_rooms,
          shapermc_ecumenical_altar_mp_highgroup, st_stairs_13,
          minmay_misc_feat_tower
D:2:      layout_basic
D:3:      layout_basic, serial_curves, eino_curves_01, eino_curves_02
D:4:      layout_basic, serial_rivers, chequers_serial_rivers_micro_b,
          chequers_serial_rivers_micro_b, chequers_serial_rivers_micro_c,
          chequers_serial_rivers_micro_c, chequers_serial_rivers_micro_c,
          chequers_serial_rivers_micro_a, kennysheep_doodads
D:5:      layout_loops_ring, biasface_ghost_orc_armoury

Notes
Turn   | Place    | Note
-------+----------+-------------------------------------------
     0 | D:1      | Sanktem7 the Minotaur Fighter began the quest for the Orb.
     0 | D:1      | Reached XP level 1. HP: 19/19 MP: 0/0
     0 | D:1      | magus.rc [v1.9.6]
    84 | D:1      | Reached XP level 2. HP: 27/27 MP: 1/1
   197 | D:1      | Reached skill level 3 in Axes
   281 | D:1      | Found a faded altar of an unknown god.
   400 | D:1      | You pick up a book of Rime and begin reading...
   400 | D:1      | You add the spells Frozen Ramparts, Ice Form and Summon Ice
                  | Beast to your library.
   606 | D:2      | Reached skill level 4 in Armour
   609 | D:2      | Reached skill level 4 in Fighting
   609 | D:2      | Reached XP level 3. HP: 33/33 MP: 2/2
   625 | D:2      | Reached skill level 4 in Shields
  1470 | D:2      | Reached XP level 4. HP: 39/40 MP: 3/3
  1585 | D:3      | Identified the +0 leather armour of Lethargy {rElec rC-
                  | MP+9 Int+6}
  1613 | D:3      | Reached skill level 4 in Axes
  1725 | D:3      | Noticed a scorpion
  1734 | D:3      | Killed a scorpion
  1735 | D:3      | Reached XP level 5. HP: 39/47 MP: 4/4
  1885 | D:3      | Identified the +0 robe of Twilight {*Slow rPois Will+
                  | Regen+}
  2289 | D:4      | Reached skill level 5 in Axes
  2318 | D:4      | Reached XP level 6. HP: 47/55 MP: 5/5
  2531 | D:4      | Reached skill level 5 in Armour
  2716 | D:4      | Reached skill level 5 in Shields
  3037 | D:5      | Entered Level 5 of the Dungeon
  3041 | D:5      | Reached skill level 5 in Fighting
  3189 | D:5      | Identified the +9 rapier of Infinite Pain {drain, Dex+4}
  3198 | D:5      | Found a runed translucent gate.
  3198 | D:5      | Noticed monsoonserge's ghost (amateur TrFi)
  3208 | D:5      | Found a runed translucent gate.
  3209 | D:5      | Found a runed translucent gate.
  3209 | D:5      | Identified the +1 leather armour of Sloth {rPois}
  3442 | D:5      | Reached skill level 6 in Axes
  3442 | D:5      | Reached XP level 7. HP: 59/61 MP: 6/6
  3868 | D:5      | HP: 4/61 [orc priest/divine providence (15)]
  3876 | D:5      | Slain by monsoonserge's ghost

Vanquished Creatures
  A phantom (D:5)
  A bullfrog (D:4)
  2 scorpions
  2 jellies
  An orc priest (D:4)
  An iguana (D:5)
  An orc wizard (D:5)
  9 adders
  An ufetubus (D:5)
  2 worms
  3 dart slugs
  8 orcs
  4 bats
  8 endoplasms
  7 giant cockroaches
  3 goblins
  8 hobgoblins
  8 kobolds
  A quokka (D:2)
  7 ball pythons
  4 frilled lizards
  7 rats
89 creatures vanquished.

Table legend:
 A = Non-vault XP
 B = Vault XP
 C = Vault XP percentage of total XP
 D = Non-vault monster count
 E = Vault monster count
 F = Vault count percentage of total count
                 A         B        C        D         E       F
            +---------+---------+-------+---------+---------+-------
      Total |     829 |       8 |   1.0 |      85 |       4 |   4.5
            +---------+---------+-------+---------+---------+-------
        D:1 |      31 |       5 |  13.9 |      19 |       3 |  13.6
        D:2 |      67 |       0 |   0.0 |      24 |       0 |   0.0
        D:3 |     148 |       0 |   0.0 |      17 |       0 |   0.0
        D:4 |     218 |       0 |   0.0 |      14 |       0 |   0.0
        D:5 |     365 |       3 |   0.8 |      11 |       1 |   8.3
            +---------+---------+-------+---------+---------+-------

Skill      XL: |  1  2  3  4  5  6 |
---------------+-------------------+-----
Axes           | 3 4 5 6 |  6.2
Armour         | 4 5 |  5.5
Fighting       | 4 5 |  5.4
Shields        | 4 5 |  5.5

Action                     |  1- 3 |  4- 6 |  7- 9 || total
---------------------------+-------+-------+-------++-------
  Melee: War axe           |   107 |   110 |    15 ||   232
         Headbutt          |    10 |    24 |     2 ||    36
    Use: Scroll            |       |       |     4 ||     4
 Armour: Scale mail        |    52 |    43 |     8 ||   103
  Dodge: Dodged            |    52 |    35 |    10 ||    97
  Block: Buckler           |    22 |    21 |     3 ||    46

Illustrated notes

Table legend:
 A = Kills in this place as a percentage of kills in the entire game.
 B = Kills by you in this place as a percentage of kills by you in the entire game.
 C = Kills by friends in this place as a percentage of kills by friends in the entire game.
 D = Other kills in this place as a percentage of other kills in the entire game.
 E = Experience gained in this place as a percentage of experience gained in the entire game.
 F = Experience gained in this place divided by the number of levels of this place that you have seen.
                   A       B       C       D       E      F
               +-------+-------+-------+-------+-------+----------------------
         Total | 100.0 | 100.0 |   N/A |   N/A | 100.0 | 167.4
       Dungeon | 100.0 | 100.0 |   N/A |   N/A | 100.0 | 167.4
               +-------+-------+-------+-------+-------+----------------------

Table legend: (Time is in decaauts)
 A = Elapsed time spent in this place.
 B = Non-inter-level travel time spent in this place.
 C = Inter-level travel time spent in this place.
 D = Time resting spent in this place.
 E = Time spent auto-exploring this place.
 F = Levels seen in this place.
 G = Mean time per level.
                   A        B        C        D        E       F      G
               +--------+--------+--------+--------+--------+-----+--------+
         Total |   3952 |   3811 |    141 |     87 |   3090 |   5 |  790.4 |
       Dungeon |   3952 |   3811 |    141 |     87 |   3090 |   5 |  790.4 |
               +--------+--------+--------+--------+--------+-----+--------+

Top non-repeatable levels by time:
     D:2: 929 daAuts
     D:4: 853 daAuts
     D:3: 792 daAuts
     D:5: 759 daAuts
     D:1: 617 daAuts
